 Dungeon Crawl Stone Soup version 0.31.0-9-g3a7656b989 (webtiles) character file.

Game seed: 13721025528127563970

67 qw the Shooter (level 4, 0/25 HPs)
             Began as a Deep Elf Hunter on Feb 2, 2024.
             Succumbed to their own poison gas
             ... on level 3 of the Dungeon.
             The game lasted 00:00:08 (2318 turns).

qw the Shooter (Deep Elf Hunter)                    Turns: 2318, Time: 00:00:09

Health: 0/25       AC:  5    Str: 10    XL:     4   Next: 0%
Magic:  6/6        EV: 11    Int: 14    God:
Gold:   75         SH:  0    Dex: 18    Spells: 3/3 levels left

rFire   . . .        a - +0 shortbow
rCold   . . .        (shield currently unavailable)
rNeg    . . .        g - +0 ring mail
rPois   .            (no helmet)
rElec   .            (no cloak)
rCorr   +            (no gloves)
SInv    .            (no boots)
Will    .....        e - amulet of faith
Stlth   +            f - ring of resist corrosion
HPRegen 0.24/turn    (no ring)
MPRegen 0.10/turn

%: faith
@: lethally poisoned (0 -> -1)
A: no striking features
a: no special abilities


You were on level 3 of the Dungeon.
You visited 1 branch of the dungeon, and saw 3 of its levels.

You collected 75 gold pieces.


   Skills:
 - Level 1.5 Fighting
 + Level 7.4 Ranged Weapons
 - Level 2.4 Dodging
 - Level 1.2 Stealth


You had 3 spell levels left.
You didn't know any spells.
Your spell library was empty.

Inventory:

Hand Weapons
 a - a +0 shortbow (weapon)
Armour
 g - a +0 ring mail (worn)
Jewellery
 e - an amulet of faith (around neck)
 f - a ring of resist corrosion (left hand)
Scrolls
 b - 3 scrolls of teleportation
Potions
 c - a potion of berserk rage {unknown}

Dungeon Overview and Level Annotations

Branches:
Dungeon (3/15)

Altars:
Cheibriados

Annotations:
D:3 3 runed translucent doors, qw's ghost, weakling SpHu


Message History

2307 ||| READING scroll labelled ZEOLUTT ZUNI.
The air fills with toxic fumes!
As you read the scroll labelled ZEOLUTT ZUNI, it crumbles to dust.
It was a scroll of poison.
Could not explore, unopened runed door.
What level of the Dungeon? (default 3, ? - help) Sorry, I don't know how to get there.
Enter note:
Enter note:
Enter note:
Enter note:
Enter note:
Enter note:
Enter note:
Enter note:
Enter note: You are engulfed in poison gas.
You are poisoned.
You feel very sick.
2309 ||| Stepping ~*~*~tactically~*~*~ (cloud).
You feel very sick.
There is a lethal amount of poison in your body!
You feel very sick.
Qw's ghost effortlessly reloads its weapon.
There is a lethal amount of poison in your body!
You feel sick.
There is a lethal amount of poison in your body!
You feel sick.
There is a lethal amount of poison in your body!
You feel sick.
There is a lethal amount of poison in your body!
You feel sick.
There is a lethal amount of poison in your body!
You feel sick.
There is a lethal amount of poison in your body!
You feel sick.
Qw's ghost keens inconsolably.
There is a lethal amount of poison in your body!
You feel sick.
There is a lethal amount of poison in your body!
You die...

##### # ####.#.#.#
#.0#.....# ######
##0.+.."?######.....
#0¤¤+Z..[.#<.##.....
#¤¤@+WZ..##>.##.....
#000#Z....#..##.....
#¤###.#.#.#..##.....
#¤.########..##.....
##..#...............
##.........)##.....
###........##....)
#........##.....
#........#####.#


You could see qw's ghost, a killer bee zombie, a bullfrog skeleton and a centaur
skeleton.

Vanquished Creatures
  2 dart slugs
  A ribbon worm (D:2)
  An orc (D:3)
  4 endoplasms
  2 giant cockroaches
  4 goblins
  7 hobgoblins
  3 jackals (D:1)
  5 kobolds
  3 quokkas
  6 ball pythons
  8 bats
  4 frilled lizards
  5 rats
55 creatures vanquished.

Notes
Turn   | Place    | Note
-------+----------+-------------------------------------------
     0 | D:1      | qw the Deep Elf Hunter began the quest for the Orb.
     0 | D:1      | Reached XP level 1. HP: 12/12 MP: 3/3
     0 | D:1      | 0 ||| qw: Version: 0.3-a-155-g5e7d8dd
     0 | D:1      | 0 ||| qw: Game counter: 1419
     0 | D:1      | 0 ||| qw: Melee chars always use a shield: true
     0 | D:1      | 0 ||| qw: God list: Okawaru
     0 | D:1      | 0 ||| qw: Allow faded altars: false
     0 | D:1      | 0 ||| qw: Do Orc after clearing Dungeon:15 true
     0 | D:1      | 0 ||| qw: Do second Lair branch before Depths: true
     0 | D:1      | 0 ||| qw: Lair rune preference: random
     0 | D:1      | 0 ||| qw: Goals: Normal
     0 | D:1      | 0 ||| PLANNING D:1-11
   120 | D:1      | Found a faded altar of an unknown god.
   158 | D:1      | Reached XP level 2. HP: 15/16 MP: 4/4
   162 | D:1      | Reached skill level 6 in Ranged Weapons
   798 | D:1      | Reached XP level 3. HP: 20/20 MP: 5/5
  1083 | D:1      | 1083 ||| READING scroll labelled CEXIBOIV WIGYIDE.
  1088 | D:1      | 1088 ||| READING 3 scrolls labelled ZEEXOI KICY.
  1088 | D:1      | 1088 ||| IDENTIFYING 2 silvery potions
  1089 | D:1      | 1089 ||| READING 2 scrolls of identify.
  1089 | D:1      | 1089 ||| IDENTIFYING scroll labelled LOJURU WEOJOIF
  1090 | D:1      | 1090 ||| DROPPING scroll of butterflies.
  1091 | D:1      | 1091 ||| DROPPING 2 potions of lignification.
  1092 | D:1      | 1092 ||| DROPPING scroll of amnesia.
  1244 | D:2      | Found a snail-covered altar of Cheibriados.
  1648 | D:2      | Reached skill level 7 in Ranged Weapons
  1744 | D:2      | 1744 ||| UPGRADING to +0 ring mail.
  1754 | D:2      | 1754 ||| DROPPING +0 leather armour.
  1755 | D:2      | 1755 ||| UPGRADING to ring of resist corrosion.
  1756 | D:2      | 1756 ||| READING 2 scrolls of identify.
  1756 | D:2      | 1756 ||| IDENTIFYING scroll labelled GAFFUOSUTA
  1757 | D:2      | 1757 ||| READING scroll of identify.
  1757 | D:2      | 1757 ||| IDENTIFYING 2 scrolls labelled QUIKEXT WYRASM
  1758 | D:2      | 1758 ||| DROPPING scroll of noise.
  1759 | D:2      | 1759 ||| DROPPING 2 scrolls of fog.
  1787 | D:3      | 1787 ||| FLEEEEING.
  1789 | D:3      | 1789 ||| FLEEEEING.
  1790 | D:3      | 1790 ||| FLEEEEING.
  1791 | D:3      | 1791 ||| FLEEEEING.
  1793 | D:3      | 1793 ||| FLEEEEING.
  1795 | D:3      | 1795 ||| STAIRDANCE
  1822 | D:3      | 1822 ||| STAIRDANCE
  1838 | D:3      | 1838 ||| STAIRDANCE
  1846 | D:3      | 1846 ||| STAIRDANCE
  2085 | D:3      | Found a runed translucent gate.
  2085 | D:3      | Found a runed translucent gate.
  2086 | D:3      | Found a runed translucent gate.
  2087 | D:3      | Noticed qw's ghost (weakling SpHu)
  2263 | D:3      | Reached XP level 4. HP: 25/25 MP: 6/6
  2302 | D:3      | 2302 ||| UPGRADING to amulet of faith.
  2307 | D:3      | 2307 ||| READING scroll labelled ZEOLUTT ZUNI.
  2309 | D:3      | 2309 ||| Stepping ~*~*~tactically~*~*~ (cloud).
  2311 | D:3      | HP: 6/25 [poisoned by you (poison gas)]
  2315 | D:3      | HP: 2/25 [poisoned by you (poison gas)]
  2318 | D:3      | Succumbed to their own poison gas

Levels and vault maps discovered:
D:1:      nicolae_arrival_washed_ashore, layout_basic,
          shapermc_ecumenical_altar_notcrosses, hex_tiny
D:2:      layout_loops_ring, basic_altar
D:3:      layout_rooms, gammafunk_ghost_necromancy

Skill      XL: |  1  2  3 |
---------------+----------+-----
Ranged Weapons | 6 7 |  7.4
Fighting       | |  1.5
Dodging        | |  2.4
Stealth        | |  1.2

Action                     |  1- 3 |  4- 6 || total
---------------------------+-------+-------++-------
   Fire: Shortbow          |   152 |       ||   152
    Use: Scroll            |     5 |     1 ||     6
 Armour: Leather armour    |    13 |       ||    13
         Ring mail         |    10 |       ||    10
  Dodge: Dodged            |    30 |       ||    30

Table legend:
 A = Non-vault XP
 B = Vault XP
 C = Vault XP percentage of total XP
 D = Non-vault monster count
 E = Vault monster count
 F = Vault count percentage of total count
                 A         B        C        D         E       F
            +---------+---------+-------+---------+---------+-------
      Total |      97 |       0 |   0.0 |      55 |       0 |   0.0
            +---------+---------+-------+---------+---------+-------
        D:1 |      47 |       0 |   0.0 |      28 |       0 |   0.0
        D:2 |      21 |       0 |   0.0 |      11 |       0 |   0.0
        D:3 |      29 |       0 |   0.0 |      16 |       0 |   0.0
            +---------+---------+-------+---------+---------+-------
